 Dungeon Crawl Stone Soup version 0.21.1-1-g345015f (webtiles) character file.

158 HammerPanzer the Cudgeler (level 5, 0/47 HPs)
             Began as a Draconian Berserker on Apr 4, 2018.
             Was a Believer of Trog.
             Killed from afar by an orc wizard (4 damage)
             ... with a magic dart
             ... on level 3 of the Dungeon.
             The game lasted 00:04:36 (2070 turns).

HammerPanzer the Cudgeler (Draconian Berserker)     Turns: 2070, Time: 00:04:37

Health: 0/47       AC:  7    Str: 20    XL:     5   Next: 16%
Magic:  5/5        EV: 12    Int:  8    God:    Trog [**....]
Gold:   94         SH:  0    Dex: 10    Spells: 4/4 levels left

rFire    . . .     SeeInvis .   a - +0 mace
rCold    . . .     Gourm    .   (no shield)
rNeg     . . .     Faith    .   (armour unavailable)
rPois    .         Spirit   .   (helmet restricted)
rElec    .         Reflect  .   l - +1 cloak
rCorr    .         Harm     .   (no gloves)
MR       .....                  (no boots)
Stlth    +.........             (no amulet)
HPRegen  0.15/turn              (no ring)
MPRegen  0.09/turn              (no ring)

@: confused, berserk cooldown, slowed, drained, very slow
A: unfitting armour, cold-blooded, AC +5
a: Berserk, Trog's Hand, Burn Spellbooks, Renounce Religion


You were on level 3 of the Dungeon.
You worshipped Trog.
Trog was pleased with you.
You were very hungry.

You visited 1 branch of the dungeon, and saw 3 of its levels.

You collected 94 gold pieces.

Inventory:

Hand Weapons
 a - a +0 mace (weapon)
Armour
 l - a +1 cloak (worn)
Wands
 m - a wand of flame (29)
Scrolls
 g - 2 scrolls of remove curse
 i - 2 scrolls of teleportation
Potions
 f - a potion of cancellation {unknown}
 h - 2 potions of curing {unknown}
 n - a potion of might
Comestibles
 b - 3 rations
 o - 4 chunks of flesh


   Skills:
 + Level 4.5(4.2) Fighting
 * Level 5.1(4.7) Maces & Flails
 - Level 2.6(2.3) Dodging


You had 4 spell levels left.
You didn't know any spells.

Dungeon Overview and Level Annotations

Branches:
Dungeon (3/15)

Altars:

Annotations:
D:3 2 transporters


Innate Abilities, Weirdness & Mutations

Your plain brown scales are hard. (AC +5)
You cannot fit into any form of body armour.
You are cold-blooded and may be slowed by cold attacks.


Message History

You closely miss the orc wizard.
The orc wizard is heavily wounded.
The orc hits you with a short sword.
* * * LOW HITPOINT WARNING * * *
The orc hits you.
* * * LOW HITPOINT WARNING * * *
The goblin closely misses you.
The orc wizard mumbles some strange words.
The orc wizard flickers and vanishes!
Deactivating autopickup; reactivate with Ctrl-A.
The orc hits you but does no damage. The orc completely misses you.
The goblin hits you but does no damage.
You sock the orc!
You kill the orc!
Trog accepts your kill.
You are feeling very hungry.
You hear some strange, mumbled words.
A magic dart appears from out of thin air!
The magic dart hits you!
You die...

.%......................
........................
...................?..<.
........................
..........$.............
........................
............†..)).......
...............og{......
.........)......@.......
........................
........................
..................(.....
......................
.....................
.....................
.....................


You could see an orc and a goblin.

Vanquished Creatures
  Crazy Yiuf (D:2)
  Jessica (D:2)
  4 adders
  An ooze (D:1)
  A worm (D:3)
  A dart slug (D:3)
  2 leopard geckos
  3 orcs (D:3)
  A ball python (D:2)
  3 bats
  2 giant cockroaches
  5 goblins
  4 hobgoblins
  7 jackals
  3 frilled lizards
  A jackal skeleton (D:3)
  6 kobolds
  5 rats
51 creatures vanquished.

Notes
Turn   | Place    | Note
-------+----------+-------------------------------------------
     0 | D:1      | HammerPanzer the Draconian Berserker began the quest for the Orb.
     0 | D:1      | Reached XP level 1. HP: 19/19 MP: 1/1
    33 | D:1      | Reached XP level 2. HP: 22/26 MP: 2/2
  1073 | D:2      | Reached XP level 3. HP: 30/33 MP: 3/3
  1136 | D:2      | Found a runed door.
  1140 | D:2      | Noticed Crazy Yiuf
  1146 | D:2      | Killed Crazy Yiuf
  1146 | D:2      | Reached skill level 4 in Maces & Flails
  1206 | D:2      | Noticed Jessica
  1216 | D:2      | Killed Jessica
  1216 | D:2      | Reached XP level 4. HP: 40/40 MP: 4/4
  1495 | D:2      | Reached ** piety under Trog
  1939 | D:3      | Found a transporter.
  1955 | D:3      | Found a transporter.
  1996 | D:3      | Reached skill level 5 in Maces & Flails
  2035 | D:3      | Reached XP level 5. HP: 47/47 MP: 5/5
  2070 | D:3      | Killed from afar by an orc wizard

Skill      XL: |  1  2  3  4 |
---------------+-------------+-----
Fighting       | 4 |  4.5
Maces & Flails | 4 5 |  5.1
Dodging        | |  2.6

Action                   |  1- 3 |  4- 6 || total
-------------------------+-------+-------++-------
Melee: Mace              |    57 |   106 ||   163
       Tailslap          |     3 |     7 ||    10
Invok: Berserk           |     3 |     1 ||     4
  Use: Scroll            |       |     6 ||     6
       Potion            |       |     1 ||     1
 Stab: Sleeping          |       |     1 ||     1
  Eat: Chunk             |     2 |     5 ||     7
Armor: Skin              |    11 |    68 ||    79
Dodge: Dodged            |    29 |   125 ||   154
